Map: New Gettysburg LE

Players

Fropez - Winner!

  • Race: Protoss Protoss
  • League: Gold
  • Spawn Location: 7:00

ZoNo

  • Race: Zerg Zerg
  • League: Gold
  • Spawn Location: 5:00

VOD

Have the link to the VOD?

Description

Time

  • Played on: Sept. 26, 2016, 2:55 p.m.
  • Length: 2:33
Show
View Real Time Build Order
Export as new Build Order

Fropez Protoss - Winner!

Build Orders:  

Get SALT Encoding   

  12  0:01  Probe (Chrono Boost)  
  13  0:11  Probe (Chrono Boost)  
  14  0:25  Pylon  
  14  0:26  Probe (Chrono Boost)  
  15  0:42  Assimilator  
  15  0:43  Probe (Chrono Boost)  
  16  0:55  Gateway  
  16  0:57  Gateway  
  16  0:59  Probe (Chrono Boost)  
  17  1:09  Probe (Chrono Boost)  
  18  1:14  Pylon  
  18  1:20  Probe (Chrono Boost)  
  18  1:24  Assimilator  
  19  1:30  Probe (Chrono Boost)  
  20  1:45  Probe (Chrono Boost), Cybernetics Core  
  21  2:11  Nexus  
  21  2:29  Pylon  
Show
View Real Time Build Order
Export as new Build Order

ZoNo Zerg 

Build Orders: Pool Only 

Get SALT Encoding   

  12  2:29  Spawning Pool  
Tags
 
League
GoldGold
Matchup
PvZ
Opening
Pool Only
Replay Pack
All Mines
Spawn Locations
Close Positions
Add a new tag
Caveats
  • Supply blocks, unpowered buildings, or Contaminate may cause inaccurate times.
  • Supply counts are checked every 10 seconds.